 Dungeon Sprint DCSS version 0.26-a0-658-gbdda728c12 (webtiles) character file.

Game seed: 7784654626784145062

6 sahdkjhfkaj the Insei (level 5, -3/39 HPs)
             Began as an Octopode Artificer on Oct 4, 2020.
             Was an Initiate of Gozag.
             Slain by a queen ant (8 damage)
             ... in the Dungeon (Sprint VI: "Thunderdome").
             The game lasted 00:01:35 (195 turns).

sahdkjhfkaj the Insei (Octopode Artificer)           Turns: 195, Time: 00:01:35

Health: -3/39      AC:  1    Str: 12    XL:     5   Next: 68%
Magic:  13/14      EV: 17    Int: 14    God:    Gozag
Gold:   30         SH:  5    Dex: 16    Spells: 4/4 levels left

rFire    . . .     SeeInvis .     - Unarmed
rCold    . . .     Faith    .   (no shield)
rNeg     . . .     Spirit   .   (helmet restricted)
rPois    .         Reflect  +   u - amulet "Nucotud" {Reflect MP+9 Dex+4 SH+5 Stlth+}
rElec    .         Harm     .   (no ring)
rCorr    .         Rampage  .   (no ring)
MR       .....     NoTele   +   (no ring)
Stlth    ++++......             (no ring)
HPRegen  0.13/turn              (no ring)
MPRegen  0.14/turn              (no ring)
                                (no ring)
                                (no ring)

@: lethally poisoned (-3 -> -49)
A: almost no armour, stealthy swim, amphibious, 8 rings, constrict 8, camouflage
1, gelatinous body 1
a: Potion Petition, Call Merchant, Bribe Branch, Renounce Religion


You were in the Dungeon.
You worshipped Gozag.
Gozag was noncommittal.
You visited 1 branch You collected 435 gold pieces.
You spent 405 gold pieces at shops.

Inventory:

Hand Weapons
 a - a +0 club
Jewellery
 p - the ring "Funasoi" {Wiz Dex+3, unknown}
   (You bought it in a shop in the Dungeon)

   [ring of wizardry]

   It improves your spell success rate.
   It affects your dexterity (+3).
 q - the ring "Heidifru" {+Inv Int+6 Dex+4, unknown}
   (You bought it in a shop in the Dungeon)

   [ring of intelligence]

   It affects your intelligence (+6).
   It affects your dexterity (+4).
   It lets you turn invisible.
 r - the ring "Ruesoiblaen" {+Fly Dex+8, unknown}
   (You bought it in a shop in the Dungeon)

   [ring of flight]

   It affects your dexterity (+8).
   It lets you fly.
 s - the ring of the Evening {Wiz Str+6 Int+3 Stlth-, unknown}
   (You bought it in a shop in the Dungeon)

   [ring of wizardry]

   It improves your spell success rate.
   It affects your strength (+6).
   It affects your intelligence (+3).
   It makes you less stealthy.
 u - the amulet "Nucotud" (around mantle) {Reflect MP+9 Dex+4 SH+5 Stlth+}
   (You bought it in a shop in the Dungeon)

   [amulet of reflection]

   It shields you and reflects attacks.
   It affects your dexterity (+4).
   It affects your magic capacity (+9).
   It affects your SH (+5).
   It makes you more stealthy.
 v - the amulet of Pisucka {Spirit rPois rC+ Stlth+, unknown}
   (You bought it in a shop in the Dungeon)

   [amulet of guardian spirit]

   It causes incoming damage to be split between your health and magic.
   It protects you from cold.
   It protects you from poison.
   It makes you more stealthy.
 w - the amulet of Cubroask {Faith rElec Str+2, unknown}
   (You bought it in a shop in the Dungeon)

   [amulet of faith]

   It allows you to gain divine favour quickly.
   It affects your strength (+2).
   It insulates you from electricity.
Wands
 b - a wand of flame (11)
 c - a wand of enslavement (15)
 d - a wand of random effects (11)
 k - a wand of acid (1)
 l - a wand of iceblast (2)
Scrolls
 j - 4 scrolls of blinking
 m - 3 scrolls of fog
Potions
 e - a potion of curing
 f - 4 potions of heal wounds
 g - 4 potions of haste
 h - 2 potions of magic
 i - a potion of berserk rage
 n - a potion of resistance


   Skills:
 + Level 5.5 Fighting
 + Level 6.0 Dodging
 - Level 1.3 Stealth
 * Level 7.8 Unarmed Combat
 - Level 3.2 Evocations


You had 4 spell levels left.
You didn't know any spells.
Your spell library was empty.

Dungeon Overview and Level Annotations

Branches:
Dungeon (1/1)

Altars:
Dithmenos
Fedhas
Gozag
Makhleb
Uskayaw
Vehumet
Xom
Zin
The Shining One
Beogh
Jiyva

Shops:
D *[???:(


Innate Abilities, Weirdness & Mutations

You cannot wear most types of armour.
You are very stealthy in the water. (Stealth+)
You are amphibious.
You can wear up to eight rings at the same time.
You can use your tentacles to constrict eight enemies at once.
Your skin changes colour to match your surroundings (Stealth+).
Your rubbery body absorbs attacks. (AC +1, EV +1)


Message History

Unknown command.
Unknown command.
Evoke which item? (* to show all) (? for menu, Esc to quit)
Press: ? - help, Shift-Dir - straight line The bolt of acid hits something!
Something seems to be corroded for longer.
* * * LOW HITPOINT WARNING * * *
You feel very sick. Something barely misses you.
Unknown command.
Unknown command.
Unknown command.
Evoke which item? (* to show all) (? for menu, Esc to quit)
Press: ? - help, Shift-Dir - straight line The bolt of acid hits something!!
* * * LOW HITPOINT WARNING * * *
You feel very sick. Something stings you!
You die...
Your body crumbles into a pile of gold.

#∩.......∩#
#_......._#
#_......._#
#_...)..._#
###.........#
#⌠...........
######.8.........8
##.___......###....
#∩@{......8.# #.8..
#.............###....
#⌠..........###...###.
#⌠..........# #.<.#
#⌠..........# #...#
##.............###r.
###∩........8. .8..
##∩_._...... ...
#.8... ..8


There were no monsters in sight!

Vanquished Creatures
  Sigmund (D)
  A worker ant (D)
  An adder skeleton (D)
  A worm (D)
  A rat (D)
5 creatures vanquished.

Notes
Turn   | Place    | Note
-------+----------+-------------------------------------------
     0 | D        | sahdkjhfkaj the Octopode Artificer began the quest for the
                  | Orb.
     0 | D        | Reached XP level 1. HP: 13/13 MP: 1/1
     2 | D        | Found a shimmering altar of Xom.
     2 | D        | Found a burning altar of Makhleb.
     3 | D        | Found a radiant altar of Vehumet.
     3 | D        | Found an opulent altar of Gozag.
     4 | D        | Found a glowing golden altar of the Shining One.
     4 | D        | Found a glowing silver altar of Zin.
     5 | D        | Found a shadowy altar of Dithmenos.
     5 | D        | Found a roughly hewn altar of Beogh.
     5 | D        | Found a blossoming altar of Fedhas.
     5 | D        | Found Tesux Ane's Magic Scroll Shop.
     5 | D        | Found Qanil's Staff Store.
     6 | D        | Found Tajeduel's Magic Scroll Shop.
     6 | D        | Found Irib's Must-Have Magic.
     6 | D        | Round 1.
    11 | D        | Became a worshipper of Gozag Ym Sagoz the Greedy
    19 | D        | Reached skill level 1 in Unarmed Combat
    51 | D        | Noticed Sigmund
    56 | D        | Killed Sigmund
    56 | D        | Reached skill level 5 in Fighting
    56 | D        | Reached skill level 5 in Dodging
    56 | D        | Reached skill level 7 in Unarmed Combat
    56 | D        | Reached XP level 2. HP: 11/24 MP: 2/2
    56 | D        | Reached XP level 3. HP: 13/29 MP: 3/3
    56 | D        | Reached XP level 4. HP: 16/35 MP: 4/4
    56 | D        | Reached XP level 5. HP: 18/39 MP: 5/5
   104 | D        | Found Uzxirus's Jewellery.
   104 | D        | Found Oremucri's Advanced Armour.
   105 | D        | Found a viscous altar of Jiyva.
   105 | D        | Found a hide-covered altar of Uskayaw.
   105 | D        | Found Cuttuvyi's Identification Station.
   112 | D        | Bought a scintillating pewter amulet for 45 gold pieces
   112 | D        | Bought a shimmering wooden ring for 45 gold pieces
   112 | D        | Bought a bound wooden ring for 45 gold pieces
   112 | D        | Bought a faintly glowing bone ring for 45 gold pieces
   112 | D        | Bought a glittering amber ring for 45 gold pieces
   112 | D        | Bought a glittering lead amulet for 45 gold pieces
   112 | D        | Bought a flickering garnet amulet for 45 gold pieces
   112 | D        | Bought a flickering jade amulet for 45 gold pieces
   112 | D        | Bought a wavering amethyst amulet for 45 gold pieces
   116 | D        | Arena points: 6 (+6) [x1]
   117 | D        | Identified the amulet "Koedd" {Reflect Int+4 SH+5} (You
                  | bought it in a shop in the Dungeon)
   127 | D        | Identified the amulet of Cynicism {Inacc rN+ MR+} (You
                  | bought it in a shop in the Dungeon)
   131 | D        | Round 2.
   137 | D        | Identified the amulet "Nucotud" {Reflect MP+9 Dex+4 SH+5
                  | Stlth+} (You bought it in a shop in the Dungeon)
   187 | D        | Noticed a queen ant
   195 | D        | Slain by a queen ant

Illustrated notes

Levels and vault maps discovered:
D:        arena_sprint

Skill      XL: |  1  2  3  4  5 |
---------------+----------------+-----
Unarmed Combat | 7 |  7.8
Fighting       | 5 |  5.5
Dodging        | 5 6 |  6.0
Stealth        | |  1.3
Evocations     | |  3.2

Action                   |  1- 3 |  4- 6 || total
-------------------------+-------+-------++-------
Melee: Unarmed           |     6 |     8 ||    14
       Tentacles         |     2 |     1 ||     3
       Constrict         |     1 |     3 ||     4
Evoke: Wand              |     3 |    12 ||    15
 Stab: Distracted        |       |     1 ||     1
Dodge: Dodged            |     1 |     4 ||     5

Table legend: (Time is in decaauts)
 A = Elapsed time spent in this place.
 B = Non-inter-level travel time spent in this place.
 C = Inter-level travel time spent in this place.
 D = Time resting spent in this place.
 E = Time spent auto-exploring this place.
 F = Levels seen in this place.
 G = Mean time per level.
                   A        B        C        D        E       F      G
               +--------+--------+--------+--------+--------+-----+--------+
         Total |    193 |    193 |      0 |     83 |      0 |   1 |  193.0 |
       Dungeon |    193 |    193 |      0 |     83 |      0 |   1 |  193.0 |
               +--------+--------+--------+--------+--------+-----+--------+

Top non-repeatable levels by time:
       D: 193 daAuts
